 Dungeon Crawl Stone Soup version 0.20-a0-201-g851c6fa (webtiles) character file.

83 patrickswayze the Sneak (level 4, 0/27 HPs)
             Began as a Deep Elf Chaos Knight on Nov 25, 2016.
             Slain by an orc
             ... wielding a +0 flail
              (4 damage)
             ... on level 3 of the Dungeon.
             The game lasted 00:02:38 (1628 turns).

patrickswayze the Sneak (Deep Elf Chaos Knight)     Turns: 1628, Time: 00:02:39

Health: 0/27       AC:  6    Str:  9    XL:     4   Next: 22%
Magic:  6/6        EV: 12    Int: 22    God:    Xom [....*.]
Gold:   120        SH:  0    Dex: 15    Spells: 3/3 levels left

rFire  . . .     SeeInvis .     a - +1 short sword (chaos)
rCold  . . .     Gourm    .     b - +3 leather armour
rNeg   . . .     Faith    .     (no shield)
rPois  .         Spirit   .     (no helmet)
rElec  .         Reflect  .     (no cloak)
rCorr  .         Harm     .     (no gloves)
MR     +....                    (no boots)
Stlth  +++.......               (no amulet)
                                (no ring)
                                l - ring of wizardry

@: brilliant, very slightly contaminated, hasted, very quick
A: magic resistance 1
a: Renounce Religion


You were on level 3 of the Dungeon.
You worshipped Xom.
You were a beloved toy of Xom.
You were very hungry.

You visited 1 branch of the dungeon, and saw 3 of its levels.

You collected 120 gold pieces.


Innate Abilities, Weirdness & Mutations

You are resistant to hostile enchantments. (MR+)


   Skills:
 - Level 2.4 Fighting
 - Level 3.0 Short Blades
 - Level 0.7 Armour
 - Level 2.4 Dodging
 + Level 5.2 Stealth


You had 3 spell levels left.
You didn't know any spells.

Inventory:

Hand Weapons
 a - a +1 short sword of chaos (weapon)
Missiles
 h - 3 throwing nets
 j - 10 poisoned needles
 k - 60 stones (quivered)
Armour
 b - a +3 leather armour (worn)
Jewellery
 l - a ring of wizardry (left hand)
 o - an uncursed ring of fire {unknown}
Scrolls
 p - a scroll of enchant armour
Comestibles
 c - 2 bread rations


Message History

You feel clever all of a sudden. Murphy's ghost barely misses you.
It was a potion of haste.
You feel yourself speed up. Murphy's ghost completely misses you.
The orc closely misses you. The orc hits you but does no damage.
You are very lightly contaminated with residual magic.
You hit the orc but do no damage.
You are now a beloved toy of Xom.
Murphy's ghost hits you but does no damage.
The orc misses you. The orc hits you but does no damage.
You hit the orc.
The orc is heavily wounded.
Murphy's ghost hits you.
You hit the orc. You freeze the orc.
The orc is almost dead.
The orc hits you with a mace!
* * * LOW HITPOINT WARNING * * *
The orc hits you with a flail.
You die...
Xom snickers!

..# # ..
#.#.#######
#.#.#...W.# #####
#.....###@##......
#...#.# #oo.......
#....$###o##.#####
#...<..o..# #
#...W###### #.....
#....... #.#.....#
#.#.....#


You could see murphy's ghost and 3 orcs.

Vanquished Creatures
  An adder (D:2)
  3 gnolls (D:2)
  An ooze (D:2)
  A worm (D:2)
  2 dart slugs
  2 leopard geckos
  An orc (D:3)
  4 bats
  4 goblins
  2 hobgoblins
  3 jackals (D:1)
  4 frilled lizards
  4 kobolds
  A rat (D:1)
33 creatures vanquished.

Notes
Turn   | Place    | Note
-------+----------+-------------------------------------------
     0 | D:1      | patrickswayze the Deep Elf Chaos Knight began the quest for the Orb.
     0 | D:1      | Reached XP level 1. HP: 13/13 MP: 3/3
    27 | D:1      | Reached skill level 1 in Stealth
    89 | D:1      | Reached skill level 2 in Stealth
    99 | D:1      | Reached XP level 2. HP: 13/18 MP: 4/4
   294 | D:1      | Reached skill level 3 in Stealth
   614 | D:2      | Reached XP level 3. HP: 22/22 MP: 5/5
   624 | D:2      | Reached skill level 4 in Stealth
   763 | D:2      | XOM: butterfly on damage
  1009 | D:2      | Reached skill level 5 in Stealth
  1009 | D:2      | Reached XP level 4. HP: 12/27 MP: 6/6
  1207 | D:2      | XOM: harmless Tmut miscast
  1271 | D:2      | XOM: silly message
  1607 | D:3      | Noticed murphy's ghost (weakling MiBe)
  1621 | D:3      | Gained mutation: You evolve. [potion of mutation]
  1621 | D:3      | Gained mutation: You are resistant to hostile enchantments. (MR+) [potion of mutation]
  1621 | D:3      | Lost mutation: You evolve. [potion of mutation]
  1628 | D:3      | HP: 4/27 [orc/mace (9)]
  1628 | D:3      | Slain by an orc

Vault maps used:
D:1:      shiori_arrival_oz
D:2:      uniq_crazy_yiuf_cottage
D:3:      minmay_goblin_kobold_castle, nemelex_xobeh_ov_fountains_minmay,
          uniq_robin

Action                   |  1- 3 |  4- 6 || total
-------------------------+-------+-------++-------
Melee: Short sword       |   102 |    19 ||   121
  Use: Scroll            |     3 |     1 ||     4
       Potion            |       |     5 ||     5
 Stab: Sleeping          |     6 |     1 ||     7
       Petrifying        |     1 |       ||     1
       Petrified         |     1 |       ||     1
  Eat: Chunk             |       |     1 ||     1
Armor: Leather armour    |    18 |     5 ||    23
Dodge: Dodged            |    44 |    18 ||    62
